AoeStats
← Wolf Slayer

Black Forest

510094436Analyzed
4v4 RM · 4d ago on Sep 29, 2026· 49m 24s· 8 players
Game mode
Random Map
Map size
Large (8 player)
Population
200
Speed
Normal
Resources
Standard
Victory
Conquest
Starting age
Dark Age
Ending age
Imperial Age
RankedLock teamsTeams togetherTeam positionsShared explorationLock speedFull tech treeHidden civsTurbo modeCheats
Victory
Defeat
🇨🇳 Italians · China
1701
+12
🇨🇳 Khmer · China
1672
+13
🇨🇳 Byzantines · China
1591
+16
🇨🇳 Bengalis · China
1583
+16
🇵🇪 Mongols · Peru
1684
-19
🇧🇷 Saracens · Brazil
1597
-14
🇻🇳 Hindustanis · Vietnam
1572
-13
🇬🇧 Persians · United Kingdom
1527
-11
Wolf Slayer
11:02 Feudal Age
16:10 Castle Age
13:54 Horse Collar
22:10 Double-Bit Axe
23:16 Heavy Plow
23:35 Bow Saw
26:27 Wheelbarrow
32:28 Imperial Age
30:16 Hand Cart
30:54 Caravan
31:20 Scale Barding Armor
32:23 Chain Barding Armor
34:16 Plate Barding Armor
35:05 Elite War Elephant
36:17 Forging
36:41 Scale Mail Armor
37:41 Iron Casting
36:51 Pikeman
41:27 Kamandaran
41:45 Bloodlines
41:39 Fletching
42:16 Bodkin Arrow
42:35 Thumb Ring
43:34 Padded Archer Armor
43:57 Ballistics
43:35 Crossbowman
noru
1:03 Loom
10:22 Feudal Age
10:33 Man-at-Arms
11:27 Arson
14:10 Double-Bit Axe
17:05 Fletching
20:28 Castle Age
19:11 Horse Collar
19:24 Stone Mining
19:26 Gold Mining
21:57 Bow Saw
25:01 Wheelbarrow
28:23 Stone Shaft Mining
28:22 Hand Cart
29:50 Gold Shaft Mining
33:04 Imperial Age
31:07 Heavy Plow
31:25 Bodkin Arrow
31:37 Nomads
31:39 Padded Archer Armor
33:09 Onager
34:10 Thumb Ring
34:18 Bloodlines
34:30 Conscription
35:11 Drill
34:21 Elite Mangudai
35:03 Bracer
35:30 Parthian Tactics
35:56 Ballistics
36:05 Husbandry
36:35 Siege Onager
38:49 Chemistry
38:17 Devotion
41:13 Capped Ram
42:04 Siege Ram
44:38 Coinage
46:15 Siege Engineers
Sorrateiro
0:53 Loom
14:18 Feudal Age
15:28 Town Watch
18:17 Castle Age
16:11 Double-Bit Axe
17:43 Gold Mining
17:34 Horse Collar
19:41 Bow Saw
19:43 Heavy Plow
24:56 Wheelbarrow
26:17 Gold Shaft Mining
26:42 Stone Mining
31:59 Imperial Age
29:43 Fortified Wall
29:41 Scale Barding Armor
29:46 Forging
30:12 Hand Cart
30:38 Masonry
30:50 Chain Barding Armor
31:58 Iron Casting
31:34 Bloodlines
31:25 Husbandry
33:47 Two-Man Saw
33:25 Plate Barding Armor
32:22 Elite Mameluke
33:24 Conscription
33:54 Plate Barding Armor
34:33 Blast Furnace
34:42 Hoardings
timembh
11:10 Feudal Age
13:02 Loom
13:21 Double-Bit Axe
15:41 Castle Age
14:35 Horse Collar
16:28 Scale Barding Armor
15:51 Light Cavalry
17:41 Scale Barding Armor
24:02 Bow Saw
25:10 Wheelbarrow
27:30 Gold Mining
27:49 Town Watch
30:59 Imperial Age
29:20 Forging
29:26 Bloodlines
31:09 Chain Barding Armor
32:05 Iron Casting
31:02 Heavy Camel Rider
31:43 Husbandry
32:55 Plate Barding Armor
33:12 Gold Shaft Mining
32:28 Stone Mining
33:47 Two-Man Saw
33:16 Imperial Camel Rider
35:24 Blast Furnace
37:06 Stone Shaft Mining
39:41 Coinage
42:22 Elite Skirmisher
42:53 Fletching
43:36 Bodkin Arrow
44:10 Ballistics
45:05 Bracer
45:46 Padded Archer Armor
46:59 Conscription
枯山水
3:13 Loom
12:22 Feudal Age
12:59 Double-Bit Axe
25:37 Horse Collar
27:35 Wheelbarrow
31:24 Castle Age
34:34 Bow Saw
34:47 Bow Saw
36:26 Hand Cart
39:19 Stone Mining
40:23 Heavy Plow
45:00 Caravan
46:19 Fletching
47:36 Elite Skirmisher
48:33 Bodkin Arrow
49:07 Squires
52:33 Imperial Age
张宇腾
12:50 Feudal Age
13:36 Double-Bit Axe
16:26 Castle Age
14:08 Horse Collar
15:03 Scale Barding Armor
16:41 Light Cavalry
19:34 Loom
24:21 Fortified Wall
25:34 Wheelbarrow
27:41 Bow Saw
27:54 Heavy Plow
28:09 Gold Mining
28:10 Stone Mining
30:00 Gold Shaft Mining
30:54 Hand Cart
34:18 Imperial Age
32:45 Redemption
32:35 Fletching
32:45 Padded Archer Armor
33:11 Bloodlines
33:02 Husbandry
33:37 Fervor
33:52 Bodkin Arrow
34:15 Leather Archer Armor
34:22 Ballistics
34:46 Sanctity
35:22 Block Printing
35:44 Theocracy
35:34 Illumination
35:34 Elite Elephant Archer
36:17 Bracer
37:31 Chemistry
37:30 Ring Archer Armor
37:41 Guilds
39:40 Elite Skirmisher
mongo
0:35 Loom
12:33 Feudal Age
16:11 Castle Age
14:07 Double-Bit Axe
14:25 Horse Collar
15:35 Gold Mining
19:06 Bow Saw
22:44 Wheelbarrow
22:49 Gold Mining
27:56 Imperial Age
26:02 Fletching
26:57 Ballistics
27:09 Bodkin Arrow
27:00 Crossbowman
29:37 Chemistry
29:31 Bracer
32:16 Padded Archer Armor
33:21 Stone Mining
34:30 Leather Archer Armor
36:45 Hand Cart
38:37 Thumb Ring
39:37 Elite Genoese Crossbowman
41:32 Bombard Tower
46:44 Masonry
46:15 Treadmill Crane
47:12 Ring Archer Armor
48:18 Architecture
Player86688262
11:49 Feudal Age
12:25 Double-Bit Axe
14:45 Castle Age
13:55 Horse Collar
16:07 Bow Saw
19:42 Loom
21:35 Wheelbarrow
21:22 Heavy Plow
22:48 Gold Mining
24:32 Hand Cart
25:01 Gold Shaft Mining
28:51 Imperial Age
27:24 Forging
27:19 Scale Barding Armor
27:15 Stone Mining
28:02 Bloodlines
27:53 Husbandry
28:27 Husbandry
29:06 Iron Casting
30:11 Chain Barding Armor
30:29 Stone Shaft Mining
30:29 Crop Rotation
30:07 Elite Battle Elephant
32:26 Blast Furnace
32:02 Plate Barding Armor
31:16 Onager
33:15 Conscription
33:08 Tusk Swords
34:56 Fletching
38:13 Town Watch
38:44 Caravan
Connection lost

Rejoining the realm…

Still unreachable

The connection could not be restored.

Session expired

The server has moved on; the page needs a fresh start.